 Dungeon Crawl Stone Soup version 0.25-a0-566-g062765be81 (webtiles) character file.

Game seed: 14918020563987427691, levelgen mode: deterministic

24 drasked the Firebug (level 2, -1/15 HPs)
             Began as a Deep Elf Fire Elementalist on Feb 28, 2020.
             Slain by a gnoll
             ... wielding a +0 halberd
              (16 damage)
             ... on level 1 of the Dungeon.
             The game lasted 00:01:01 (837 turns).

drasked the Firebug (Deep Elf Fire Elementalist)     Turns: 837, Time: 00:01:01

Health: -1/15      AC:  2    Str:  5    XL:     2   Next: 79%
Magic:  5/8        EV: 13    Int: 19    God:
Gold:   8          SH:  0    Dex: 15    Spells: 6/7 levels left

rFire    . . .     SeeInvis .   i - +0 dagger
rCold    . . .     Gourm    .   (no shield)
rNeg     . . .     Faith    .   a - +0 robe
rPois    .         Spirit   .   (no helmet)
rElec    .         Reflect  .   (no cloak)
rCorr    .         Harm     .   (no gloves)
MR       .....                  (no boots)
Stlth    ++........             (no amulet)
HPRegen  0.05/turn              (no ring)
MPRegen  0.11/turn              (no ring)

@: no status effects
A: no striking features
a: no special abilities


You were on level 1 of the Dungeon.
You were not hungry.

You visited 1 branch of the dungeon, and saw 1 of its levels.

You collected 8 gold pieces.

Inventory:

Hand Weapons
 i - a +0 dagger (weapon)
   (You took it off a kobold on level 1 of the Dungeon)
Missiles
 Q - 34 stones (quivered)
Armour
 a - a +0 robe (worn)
 j - a +0 pair of gloves
   (You found it on level 1 of the Dungeon)
Scrolls
 c - a scroll of teleportation {unknown}
 d - a scroll of remove curse {unknown}
 f - a scroll of identify {unknown}
 g - 2 scrolls of amnesia {unknown}
Potions
 b - a potion of lignification {unknown}
 h - a potion of curing {unknown}
Comestibles
 e - 2 rations


   Skills:
 - Level 2.4 Dodging
 - Level 2.4 Stealth
 - Level 3.0 Spellcasting
 + Level 2.3 Conjurations
 + Level 3.9 Fire Magic


You had 6 spell levels left.
You knew the following spells:

 Your Spells              Type           Power        Failure   Level  Hunger
a - Foxfire               Conj/Fire      ##..         4%          1    None

Your spell library contained the following spells:

 Spells                   Type           Power        Failure   Level  Hunger
 Conjure Flame            Conj/Fire      ##......     13%         3    ###....
 Inner Flame              Hex/Fire       ##......     21%         3    ###....
 Sticky Flame             Conj/Fire      ##......     38%         4    ####...
 Fireball                 Conj/Fire      ##........   75%         5    ######.


Dungeon Overview and Level Annotations

Branches:
Dungeon (1/15)

Altars:


Message History

You start resting.
You butcher the dart slug corpse.
f - 3 chunks of flesh {@w0} (gained 2)
You butcher the goblin corpse.
f - 4 chunks of flesh {@w0} (gained 1)
You see here a goblin skeleton. x2
You see here a +0 dagger.
You butcher the goblin corpse.
f - 7 chunks of flesh {@w0} (gained 3)
You see here a goblin skeleton. x2
Q - 34 stones (gained 6)
You open the door.
There is an open door here.
h - a dark potion You open the door.
There is an open door here.
A hobgoblin comes into view.
A hobgoblin is nearby!
A hobgoblin is nearby!
You conjure some foxfire!
The foxfire hits the hobgoblin.
The hobgoblin shouts!
You conjure some foxfire!
The foxfire hits the hobgoblin but does no damage.
You conjure some foxfire!
The hobgoblin misses you.
The foxfire hits the hobgoblin.
You kill the hobgoblin!
You start resting.
Some of the chunks of flesh in your inventory have rotted away.
You butcher the hobgoblin corpse.
f - 10 chunks of flesh {@w0} (gained 4)
You see here a hobgoblin skeleton. x2
j - a pair of gloves A goblin comes into view.
A goblin is nearby!
A goblin is nearby!
You conjure some foxfire!
The goblin shouts!
The foxfire hits the goblin.
You conjure some foxfire!
The foxfire hits the goblin.
You kill the goblin!
You conjure some foxfire!
You start resting.
Some of the chunks of flesh in your inventory have rotted away.
You open the door.
There is an open door here.
There is an open door here.
Some of the chunks of flesh in your inventory have rotted away.
You open the door.
There is an open door here.
There is an open door here.
You open the door.
A giant cockroach comes into view.
A giant cockroach is nearby!
A giant cockroach is nearby!
A giant cockroach is nearby!
You conjure some foxfire!
The giant cockroach barely misses you.
The foxfire hits the giant cockroach. x2
The giant cockroach completely misses you.
You conjure some foxfire!
The giant cockroach misses you.
The foxfire hits the giant cockroach but does no damage.
The foxfire hits the giant cockroach.
You kill the giant cockroach!
You conjure some foxfire!
You start resting.
There is an open door here.
Found an escape hatch in the floor.
g - 2 scrolls labeled GAMUPNO SIST (gained 1)
You see here 25 bolts.
All of the chunks of flesh in your inventory have rotted away.
f - a scroll labeled LERASS VYRPHES A bat comes into view.
You conjure some foxfire!
The foxfire hits the bat.
You kill the bat!
You conjure some foxfire!
You start resting.
A rat comes into view.
A rat is nearby!
A rat is nearby!
You conjure some foxfire!
You conjure some foxfire!
The foxfire hits the rat.
You kill the rat!
You conjure some foxfire!
You start resting.
A gnoll comes into view. It is wielding a +0 halberd.
You see here a bat corpse.
A gnoll is nearby!
A gnoll is nearby!
A gnoll is nearby!
You conjure some foxfire!
The gnoll shouts!
You hear a shout!
The foxfire hits the gnoll.
You conjure some foxfire!
The foxfire hits the gnoll.
You conjure some foxfire!
The gnoll hits you from afar with a +0 halberd!
Ouch! That really hurt!
You die...

....# ######### ##'##
#..... .# ##.#
#....###.# ##.####..
#........# ..........
##........# ..####....
..........# ..##...#.#
.##..§g...
..##.#.#.###.##v§v.#
..##.#....... #@#
...........#####v#####.#
..##...................#
.###.............#######
.# #.(...........## .#
#.###.#.>......# .###.#
#.#.......[# ..##.#
#.#........# ..##.#
#.#........#


You could see a gnoll.

Levels and vault maps discovered:
D:1:      kennysheep_arrival_seaside, layout_basic

Notes
Turn   | Place    | Note
-------+----------+-------------------------------------------
     0 | D:1      | drasked the Deep Elf Fire Elementalist began the quest for
                  | the Orb.
     0 | D:1      | Reached XP level 1. HP: 10/10 MP: 6/6
    35 | D:1      | Identified a +0 club
   131 | D:1      | Identified a +0 club
   176 | D:1      | Identified a +0 dagger
   249 | D:1      | Reached XP level 2. HP: 15/15 MP: 5/8
   399 | D:1      | Reached skill level 2 in Conjurations
   434 | D:1      | Identified a +0 dagger
   832 | D:1      | Identified a +0 halberd
   837 | D:1      | Slain by a gnoll

Table legend:
 A = Turns spent in this place as a percentage of turns spent in the entire game.
 B = Non-inter-level travel turns spent in this place as a percentage of non-inter-level travel turns spent in the entire game.
 C = Inter-level travel turns spent in this place as a percentage of turns spent in this place.
 D = Turns resting spent in this place as a percentage of non-inter-level travel turns spent in this place.
 E = Turns spent auto-exploring this place as a percentage of non-inter-level travel turns spent in this place.
 F = Non-inter-level travel turns spent in this place divided by the number of levels of this place that you've seen.
                   A       B       C       D       E      F
               +-------+-------+-------+-------+-------+----------------------
         Total | 100.0 | 100.0 |   0.0 |  36.3 |  49.5 | 837.0
       Dungeon | 100.0 | 100.0 |   0.0 |  36.3 |  49.5 | 837.0
               +-------+-------+-------+-------+-------+----------------------

Table legend:
 A = Kills in this place as a percentage of kills in entire the game.
 B = Kills by you in this place as a percentage of kills by you in the entire game.
 C = Kills by friends in this place as a percentage of kills by friends in the entire game.
 D = Other kills in this place as a percentage of other kills in the entire game.
 E = Experience gained in this place as a percentage of experience gained in the entire game.
 F = Experience gained in this place divided by the number of levels of this place that you have seen.
                   A       B       C       D       E      F
               +-------+-------+-------+-------+-------+----------------------
         Total | 100.0 | 100.0 |   N/A |   N/A | 100.0 |  35.0
       Dungeon | 100.0 | 100.0 |   N/A |   N/A | 100.0 |  35.0
               +-------+-------+-------+-------+-------+----------------------

Skill      XL: |  1  2 |
---------------+-------+-----
Conjurations   | 2 |  2.3
Dodging        | |  2.4
Stealth        | |  2.4
Spellcasting   | |  3.0
Fire Magic     | |  3.9

Action                   || total
-------------------------++-------
 Cast: Foxfire           ||    44
Dodge: Dodged            ||     6

Vanquished Creatures
  An ooze (D:1)
  A dart slug (D:1)
  A giant cockroach (D:1)
  7 goblins (D:1)
  A hobgoblin (D:1)
  A kobold (D:1)
  A bat (D:1)
  A frilled lizard (D:1)
  2 rats (D:1)
16 creatures vanquished.

Vanquished Creatures (others)
  66 foxfires (D:1)
66 creatures vanquished.

Grand Total: 82 creatures vanquished
